 Dungeon Crawl Stone Soup version 0.21.0-3-g78d12a8 (webtiles) character file.

115 mortelune the Conjurer (level 4, -7/36 HPs)
             Began as a Draconian Conjurer on Jan 15, 2018.
             Was an Initiate of Sif Muna.
             Shot with an arrow by a centaur (13 damage)
             ... on level 4 of the Dungeon.
             The game lasted 00:11:06 (5040 turns).

mortelune the Conjurer (Draconian Conjurer)         Turns: 5040, Time: 00:11:07

Health: -7/36      AC:  6    Str: 10    XL:     4   Next: 68%
Magic:  13/17      EV: 12    Int: 18    God:    Sif Muna [......]
Gold:   152        SH:  0    Dex: 12    Spells: 2/8 levels left

rFire    . . .     SeeInvis +   k - +2 whip (freeze)
rCold    . . .     Gourm    .   (no shield)
rNeg     . . .     Faith    .   (armour unavailable)
rPois    .         Spirit   .   (helmet restricted)
rElec    .         Reflect  .   (no cloak)
rCorr    .         Harm     .   i - +0 pair of gloves
MR       .....                  (no boots)
Stlth    ++........             (no amulet)
HPRegen  0.12/turn              m - ring of magical power
MPRegen  0.15/turn              (no ring)

@: no status effects
A: unfitting armour, see invisible, clever 1, cold-blooded, AC +5
a: Renounce Religion


You were on level 4 of the Dungeon.
You worshipped Sif Muna.
Sif Muna was noncommittal.
You were hungry.

You visited 1 branch of the dungeon, and saw 4 of its levels.

You collected 152 gold pieces.

Inventory:

Hand Weapons
 d - a +0 mace
 k - a +2 whip of freezing (weapon)
Armour
 i - a +0 pair of gloves (worn)
Jewellery
 m - a ring of magical power (left hand)
 n - a cursed -2 ring of intelligence {unknown}
Wands
 h - a wand of digging (13)
Scrolls
 e - a scroll of fog {unknown}
 f - a scroll of noise {unknown}
 g - a scroll of random uselessness {unknown}
 j - a scroll of immolation {unknown}
 l - a scroll of teleportation {unknown}
Potions
 c - a potion of curing
 o - a potion of flight {unknown}
Books
 a - a book of Conjurations

   Spells                             Type                      Level
   a - Magic Dart                     Conjuration                  1
   b - Searing Ray                    Conjuration                  2
   c - Dazzling Spray                 Conjuration/Hexes            3
   d - Fulminant Prism                Conjuration/Hexes            4
   e - Force Lance                    Conjuration/Translocation    4
   f - Iskenderun's Mystic Blast      Conjuration                  4
Comestibles
 b - 6 rations


   Skills:
 + Level 2.2 Fighting
 - Level 1.7 Dodging
 - Level 1.7 Stealth
 + Level 2.8 Spellcasting
 * Level 5.1 Conjurations


You had 2 spell levels left.
You knew the following spells:

 Your Spells              Type           Power        Failure   Level  Hunger
a - Magic Dart            Conj           ###.         1%          1    None
b - Searing Ray           Conj           ###...       3%          2    ##.....
c - Dazzling Spray        Conj/Hex       ##....       17%         3    ###....


Dungeon Overview and Level Annotations

Branches:
Dungeon (4/15)
 Temple: D:4-7

Altars:
Okawaru
Sif Muna

Annotations:
D:2 Robin, Sigmund


Innate Abilities, Weirdness & Mutations

Your plain brown scales are hard. (AC +5)
You cannot fit into any form of body armour.
You are cold-blooded and may be slowed by cold attacks.
You have supernaturally acute eyesight. (SInv)
Your mind is acute. (Int +2)


Message History

Aim: an orc, wielding a whip and wearing a leather armour (heavily wounded)
The magic dart hits the orc.
You kill the orc!
Sif Muna accepts your kill.
The centaur wields a shortbow.
The centaur shoots an arrow.
The arrow hits you!
Casting: Magic Dart
Confirm with . or Enter, or press ? or * to list all spells.
Aiming: Searing Ray
Press: ? - help, Shift-Dir - straight line, f - orc wizard
Aim: an orc wizard, wielding a dagger and wearing a robe The searing ray hits the orc wizard.
The orc wizard is moderately wounded. (Press . to maintain the ray.)
The centaur shoots an arrow.
The arrow hits you!
The orc priest calls down the wrath of Beogh upon you.
Pain shoots through your body!
The centaur shoots an arrow.
The arrow hits you!
* * * LOW HITPOINT WARNING * * *
You see here an arrow.
The centaur shoots an arrow.
The arrow hits you!
You die...

#........####...#
#######.....### .
...#...#.....# ....#
#..##.# ..# #..# .# # #
#.# #oc## .$# ..#
######.####...#....
....##........o)........
..........#####(@........
...........#......<...!.
.......<................
...##......#####..###...
#......# #..# #.<
######## #..# #. #..#
#..#


You could see a centaur, an orc priest and an orc wizard.

Vanquished Creatures
  4 adders
  A worm (D:3)
  A dart slug (D:3)
  A leopard gecko (D:1)
  An orc (D:4)
  A ball python (D:1)
  2 giant cockroaches
  10 goblins
  7 hobgoblins
  3 jackals
  7 bats
  18 frilled lizards
  7 kobolds
  11 rats
74 creatures vanquished.

Vanquished Creatures (others)
  4 plants (D:1)
4 creatures vanquished.

Grand Total: 78 creatures vanquished

Notes
Turn   | Place    | Note
-------+----------+-------------------------------------------
     0 | D:1      | mortelune the Draconian Conjurer began the quest for the Orb.
     0 | D:1      | Reached XP level 1. HP: 14/14 MP: 3/3
   370 | D:1      | Reached XP level 2. HP: 22/22 MP: 1/5
   374 | D:1      | Learned a level 2 spell: Searing Ray
   912 | D:1      | Reached skill level 1 in Fighting
  1695 | D:2      | Reached XP level 3. HP: 28/28 MP: 0/6
  1736 | D:2      | Learned a level 3 spell: Dazzling Spray
  1993 | D:2      | Noticed Robin
  2301 | D:2      | Noticed Sigmund
  2645 | D:2      | Noticed a sky beast
  2796 | D:2      | Gained mutation: Your mind is acute. (Int +2) [potion of mutation]
  2796 | D:2      | Gained mutation: You have supernaturally acute eyesight. (SInv) [potion of mutation]
  2819 | D:3      | Reached XP level 4. HP: 4/36 MP: 1/7
  3184 | D:3      | Reached skill level 5 in Conjurations
  4271 | D:3      | Found an iron altar of Okawaru.
  4646 | D:3      | Found a deep blue altar of Sif Muna.
  4895 | D:3      | Became a worshipper of Sif Muna the Loreminder
  5019 | D:4      | Noticed a centaur
  5040 | D:4      | Shot with an arrow by a centaur

Skill      XL: |  1  2  3  4 |
---------------+-------------+-----
Fighting       | 1 2 |  2.2
Conjurations   | 5 |  5.1
Dodging        | |  1.7
Stealth        | |  1.7
Spellcasting   | |  2.8

Action                   |  1- 3 |  4- 6 || total
-------------------------+-------+-------++-------
Melee: Mace              |     6 |       ||     6
       Whip              |     5 |       ||     5
 Cast: Magic Dart        |    84 |    39 ||   123
       Searing Ray       |     6 |     4 ||    10
       Dazzling Spray    |       |     1 ||     1
  Use: Potion            |     2 |       ||     2
       Scroll            |     1 |     2 ||     3
  Eat: Chunk             |     5 |     5 ||    10
       Ration            |     1 |       ||     1
Armor: Skin              |    20 |     4 ||    24
Dodge: Dodged            |    26 |     6 ||    32
